Map: Frozen Temple

Players

Geralt (Gerald) - Winner!

  • Race: Protoss Protoss
  • League: Grandmaster

Miszu

  • Race: Terran Terran
  • League: Grandmaster

VOD

Have the link to the VOD?

Description

Time

  • Played on: May 20, 2016, 12:40 p.m.
  • Length: 18:40
Show
View Real Time Build Order
Export as new Build Order

Geralt Protoss - Winner!

Build Orders: Oracle Opening 

Get SALT Encoding   

  12  0:01  Probe (Chrono Boost)  
  13  0:11  Probe (Chrono Boost)  
  14  0:18  Pylon  
  14  0:22  Probe (Chrono Boost)  
  15  0:36  Probe (Chrono Boost)  
  15  0:37  Gateway  
  15  0:42  Assimilator  
  16  0:46  Probe (Chrono Boost)  
  17  0:57  Probe (Chrono Boost)  
  18  1:08  Probe (Chrono Boost)  
  19  1:12  Pylon  
  20  1:18  Probe (Chrono Boost)  
  20  1:26  Cybernetics Core  
  20  1:29  Probe (Chrono Boost)  
  21  1:39  Probe (Chrono Boost)  
  22  1:48  Nexus  
  22  1:51  Probe (Chrono Boost)  
  23  1:57  Assimilator  
  23  2:03  Adept (Chrono Boost)  
  23  2:06  Probe  
  26  2:18  Probe  
  26  2:19  Pylon  
  27  2:24  Stargate  
  27  2:32  Adept (Chrono Boost)  
  29  2:42  Probe  
  30  2:54  Probe  
  30  2:56  Adept (Chrono Boost)  
  33  3:02  Probe  
  34  3:06  Oracle, Probe  
  34  3:12  Probe  
  38  3:16  Pylon  
  38  3:18  Probe  
  40  3:23  Probe  
  41  3:30  Probe (Chrono Boost)  
  42  3:34  Warp Gate  
  42  3:36  Probe (Chrono Boost)  
  42  3:37  Oracle  
  43  3:42  Probe (Chrono Boost)  
  43  3:44  Assimilator  
  43  3:48  Forge, Probe (Chrono Boost)  
  48  3:49  Adept  
  50  3:56  Probe (Chrono Boost)  
  50  4:01  Probe (Chrono Boost)  
  52  4:07  Probe (Chrono Boost)  
  53  4:14  Mothership Core (Chrono Boost)  
  55  4:17  Probe (Chrono Boost)  
  52  4:24  Phoenix  
  52  4:28  Probe (Chrono Boost)  
  55  4:34  Probe (Chrono Boost)  
  57  4:38  Probe (Chrono Boost)  
  57  4:39  Protoss Ground Armor Level 1  
  57  4:40  Robotics Facility  
  57  4:41  Assimilator  
  57  4:43  Gateway  
  58  4:46  Probe (Chrono Boost)  
  58  4:48  Gateway  
  58  4:49  Probe (Chrono Boost)  
  56  4:56  Pylon  
  56  4:57  Adept  
  56  4:58  Probe (Chrono Boost)  
  56  4:59  Probe (Chrono Boost)  
  60  5:00  Phoenix  
  62  5:12  Pylon  
  64  5:14  Probe (Chrono Boost)  
  64  5:16  Probe (Chrono Boost)  
  64  5:21  Phoenix  
  64  5:25  Probe (Chrono Boost)  
  64  5:28  Probe (Chrono Boost)  
  68  5:30  Immortal  
  68  5:34  Twilight Council, Pylon  
  72  5:38  Zealot  
  74  5:43  Phoenix  
  74  5:44  Probe (Chrono Boost)  
  74  5:47  Pylon  
  74  5:48  Probe (Chrono Boost)  
  75  5:52  Zealot  
  75  5:54  Probe (Chrono Boost)  
  78  6:05  Phoenix  
  78  6:09  Immortal  
  84  6:12  Pylon  
  84  6:32  Probe (Chrono Boost)  
  83  6:35  Phoenix, Nexus, Probe (Chrono Boost)  
  85  6:41  Pylon  
  85  6:42  Probe (Chrono Boost)  
  85  6:43  Charge  
  85  6:44  Protoss Ground Armor Level 2  
  87  6:47  Probe (Chrono Boost)  
  87  6:51  Immortal  
  87  6:53  Probe (Chrono Boost)  
  92  6:59  Probe (Chrono Boost)  
  93  7:01  Zealot x2  
  93  7:05  Zealot  
  93  7:07  Probe (Chrono Boost)  
  100  7:12  Probe (Chrono Boost)  
  100  7:14  Templar Archives  
  101  7:15  Gateway  
  101  7:17  Gateway, Probe (Chrono Boost)  
  101  7:22  Pylon  
  102  7:25  Pylon  
  102  7:27  Phoenix  
  102  7:31  Assimilator x2  
  102  7:32  Zealot  
  102  7:33  Observer  
  107  7:38  Zealot  
  107  7:43  Pylon  
  109  7:47  Sentry  
  109  7:48  Phoenix  
  109  7:50  Probe (Chrono Boost)  
  112  7:55  Probe (Chrono Boost)  
  112  7:56  Probe (Chrono Boost)  
  116  8:04  High Templar, Pylon  
  118  8:12  Gateway  
  118  8:14  Gateway  
  118  8:16  Gateway  
  118  8:17  Pylon  
  116  8:22  Phoenix  
  118  8:32  Probe (Chrono Boost)  
  119  8:39  Probe (Chrono Boost)  
  119  8:40  Probe (Chrono Boost)  
  121  8:43  Probe (Chrono Boost)  
  121  8:44  High Templar x2  
  121  8:45  Robotics Bay, Zealot x3  
  121  8:48  Immortal, Nexus  
  136  8:51  Pylon  
  136  8:58  Pylon  
  136  8:59  Psionic Storm  
  136  9:01  Protoss Ground Armor Level 3  
  136  9:20  High Templar  
  136  9:21  Zealot x4  
  146  9:26  Stalker  
  146  9:28  Probe  
  146  9:29  Pylon  
  149  9:32  Phoenix  
  151  9:40  Disruptor  
  151  9:41  Assimilator  
  151  9:44  Photon Cannon  
  154  9:46  Photon Cannon  
  154  9:48  Photon Cannon  
  154  9:50  Photon Cannon  
  154  9:57  Stalker x2  
  154  9:58  Stalker x2  
  161  10:02  Zealot  
  161  10:03  Zealot  
  165  10:07  Zealot x2  
  169  10:19  Pylon  
  143  10:34  Zealot x4  
  143  10:35  Stalker x4  
  144  10:44  Probe  
  144  10:47  Probe  
  144  10:48  Disruptor  
  146  10:53  Phoenix  
  136  10:57  High Templar x3  
  142  11:05  Stalker x3  
  142  11:06  Zealot x2  
  142  11:08  Probe x2  
  142  11:09  Probe  
  155  11:14  Phoenix  
  157  11:20  Probe  
  158  11:33  Zealot x3  
  158  11:34  Zealot x5  
  158  11:36  Phoenix  
  158  11:37  Disruptor  
  179  11:51  Probe  
  179  11:53  Probe, Assimilator  
  179  11:54  Assimilator  
  181  11:56  Protoss Ground Weapons Level 1, Pylon, Photon Cannon  
  181  11:58  Stalker x5  
  191  12:02  Blink (Chrono Boost)  
  189  12:19  Disruptor  
  189  12:21  Stargate  
  184  12:32  Fleet Beacon  
  184  12:56  High Templar x3  
  184  13:00  Probe x2  
  186  13:07  Nexus  
  186  13:13  Pylon  
  186  13:16  Zealot x2  
  186  13:17  Assimilator, Zealot x3  
  186  13:19  Assimilator  
  185  13:30  Probe, Disruptor  
  181  13:38  High Templar, Stalker x4  
  181  13:39  High Templar x2  
  123  13:57  Tempest  
  115  14:04  Zealot x4  
  115  14:06  Disruptor  
  115  14:09  Tempest, Zealot  
  114  14:10  Probe  
  119  14:27  High Templar x2  
  119  14:28  Zealot x5  
  132  14:46  Zealot  
  132  14:52  Zealot x5  
  114  15:14  Tempest  
  96  15:16  Zealot  
  96  15:17  Zealot x7  
  96  15:19  Tempest  
  115  15:31  Nexus  
  115  15:47  Probe  
  115  15:49  Pylon  
  116  15:51  High Templar x3, Tempest, Zealot  
  116  15:52  Zealot x4  
  116  15:55  Probe x2  
  138  16:04  Disruptor  
  141  16:16  Zealot x2  
  141  16:17  Zealot x3  
  149  16:25  Zealot x2  
  153  16:33  High Templar  
  149  16:40  Disruptor  
  149  16:43  Zealot x4  
  150  16:56  Zealot x3  
  150  17:00  Probe  
  156  17:02  Probe  
  158  17:10  Zealot x2  
  146  17:32  High Templar, Zealot x5  
  146  17:33  High Templar x2  
  162  17:38  Archon  
  162  17:59  High Templar x2  
  162  18:00  High Templar x3, Probe  
  163  18:18  Zealot  
  163  18:19  Zealot x2  
  151  18:32  Zealot x3  
  151  18:33  Zealot x2  
Show
View Real Time Build Order
Export as new Build Order

Miszu Terran 

Build Orders: MMM Bio 

Get SALT Encoding   

  12  0:00  SCV  
  13  0:13  SCV  
  14  0:17  Supply Depot  
  14  0:25  SCV  
  15  0:39  SCV  
  15  0:40  Barracks  
  16  0:51  SCV  
  17  1:03  SCV  
  18  1:13  Command Center  
  17  1:32  Orbital Command  
  17  1:33  Marine  
  18  1:48  Barracks  
  18  1:51  Barracks  
  18  1:52  Marine  
  19  1:58  SCV  
  20  2:10  Marine  
  20  2:11  SCV  
  20  2:12  Refinery  
  20  2:13  Refinery  
  22  2:23  SCV  
  23  2:34  Marine  
  23  2:35  Marine  
  23  2:36  Orbital Command  
  25  2:39  SCV  
  25  2:41  Barracks Tech Lab  
  26  2:48  Supply Depot  
  26  2:51  SCV  
  26  2:54  Marine  
  26  2:55  Marine  
  29  3:01  Stimpack  
  29  3:04  SCV  
  30  3:08  SCV  
  30  3:11  Marine  
  32  3:13  Marine  
  32  3:16  SCV  
  34  3:21  Marine, SCV  
  36  3:28  SCV  
  36  3:29  Marine  
  36  3:31  Marine  
  39  3:36  Factory, SCV  
  39  3:40  SCV  
  41  3:41  Marine  
  41  3:47  Marine  
  43  3:48  SCV  
  43  3:49  Supply Depot, Marine  
  43  3:53  SCV  
  46  4:05  Engineering Bay  
  46  4:10  Marine, SCV x2  
  46  4:11  Supply Depot, Marauder  
  49  4:21  Marine  
  49  4:22  SCV x2  
  48  4:28  Marine  
  47  4:35  SCV x2  
  47  4:45  Missile Turret  
  47  4:47  SCV, Missile Turret  
  47  4:50  SCV  
  49  4:59  SCV, Factory Reactor  
  50  5:00  Starport  
  50  5:02  Barracks Reactor, SCV  
  51  5:08  Barracks Tech Lab  
  51  5:10  Refinery, Terran Infantry Weapons Level 1  
  51  5:11  SCV  
  52  5:14  SCV  
  52  5:18  Supply Depot  
  53  5:23  SCV  
  53  5:27  SCV  
  57  5:28  Marauder  
  57  5:32  Marine  
  57  5:35  SCV  
  59  5:39  SCV  
  60  5:47  Factory Reactor  
  60  5:52  Marine, Medivac x2  
  60  5:54  SCV  
  60  5:56  Supply Depot, SCV  
  67  6:06  SCV  
  67  6:09  Command Center, SCV  
  69  6:18  SCV  
  69  6:21  SCV  
  68  6:28  Medivac x2  
  72  6:35  SCV  
  73  6:40  SCV  
  73  6:46  Refinery  
  75  6:47  Marauder, SCV  
  75  6:49  Marine  
  75  6:50  Marauder  
  75  6:51  Barracks  
  75  6:52  Barracks  
  75  6:54  SCV  
  78  6:56  Supply Depot x2  
  78  7:00  Liberator x2  
  78  7:10  Missile Turret  
  78  7:17  Marine x2, Marauder, Widow Mine x2, SCV  
  78  7:20  SCV  
  78  7:22  Supply Depot  
  94  7:23  Supply Depot  
  94  7:29  Fusion Core, SCV  
  94  7:33  Combat Shields  
  94  7:34  Marauder, Concussive Shells  
  94  7:35  Marine  
  94  7:36  Orbital Command  
  97  7:38  SCV  
  97  7:41  SCV  
  99  7:45  Liberator  
  99  7:46  Barracks Reactor, Barracks Tech Lab  
  99  7:54  Marauder  
  101  8:00  Marine x2  
  101  8:03  SCV x3  
  109  8:06  Refinery  
  109  8:07  Supply Depot  
  109  8:08  Supply Depot  
  109  8:09  Marine x2  
  111  8:13  Supply Depot  
  111  8:15  Supply Depot, Marine, SCV x2  
  114  8:24  SCV  
  114  8:27  Liberator  
  115  8:31  Marine  
  115  8:32  Marine, Marauder  
  123  8:35  SCV x2  
  123  8:36  Refinery, SCV  
  123  8:37  Marine  
  123  8:38  Marine x3  
  123  8:41  Liberator  
  127  8:47  Starport, SCV  
  127  8:48  SCV  
  128  8:49  Marine x2, SCV  
  128  8:52  Marine  
  128  8:54  Supply Depot  
  132  8:58  Marine x2  
  132  8:59  Marine x2  
  132  9:01  Terran Infantry Armor Level 1  
  139  9:10  Liberator  
  139  9:11  Marauder  
  139  9:12  Engineering Bay  
  139  9:15  Armory  
  138  9:22  Marine x3, Marauder x2  
  138  9:23  Supply Depot, Liberator  
  145  9:28  Starport Tech Lab  
  146  9:40  Marine x2  
  146  9:41  Marine, Marauder  
  146  9:42  Marine  
  146  9:43  Liberator  
  155  9:48  Barracks  
  155  9:49  Barracks  
  155  9:50  Barracks  
  155  10:01  Marine, Advanced Ballistics, Liberator  
  155  10:02  Marine, Marauder  
  155  10:03  Marauder  
  155  10:06  Liberator  
  164  10:19  Marauder  
  169  10:24  Marauder  
  156  10:32  Marauder  
  156  10:33  Marine  
  128  10:57  Barracks Reactor, Barracks Tech Lab x2  
  128  11:00  Medivac  
  128  11:01  Medivac  
  129  11:06  Medivac  
  129  11:07  Terran Infantry Armor Level 2, Terran Infantry Weapons Level 2  
  129  11:09  Marine  
  129  11:10  Marine x5, Marauder  
  136  11:12  Command Center  
  136  11:19  Marauder  
  138  11:27  Marine  
  138  11:28  Marine x3, Marauder  
  138  11:30  Medivac  
  138  11:31  Medivac  
  138  11:32  Marine  
  149  11:33  Marine x2  
  149  11:36  Marine, Medivac  
  154  11:40  Marine  
  154  11:43  Liberator  
  154  11:45  Marine  
  154  11:46  Marine x4  
  159  11:49  Marine  
  159  11:50  Marine  
  159  11:52  Liberator  
  161  11:57  Marine, Marauder x2  
  161  11:59  Marauder  
  171  12:06  Liberator  
  172  12:20  Marine  
  172  12:22  Ghost Academy  
  173  12:23  Marine x3, Marauder x4  
  187  12:50  Marauder  
  184  12:54  Marine x3  
  184  12:58  Liberator  
  187  13:07  Liberator  
  187  13:12  Liberator  
  187  13:26  Planetary Fortress  
  187  13:29  Marauder  
  187  13:30  Marine  
  187  13:31  Marauder  
  169  13:50  Marine  
  169  13:51  Marine, Marauder  
  169  13:52  Marine x7, Marauder  
  143  13:58  Medivac  
  120  14:08  Marine  
  120  14:09  Marine  
  113  14:10  Marine x7, Medivac  
  113  14:12  Marine, Medivac  
  113  14:13  Marauder  
  125  14:21  Terran Infantry Weapons Level 3  
  125  14:26  Marine  
  125  14:27  Marine  
  125  14:28  Medivac, Marauder  
  131  14:32  Missile Turret  
  131  14:33  Marine  
  131  14:34  Marine x4  
  131  14:35  SCV  
  131  14:38  SCV  
  132  14:40  Medivac  
  127  14:56  Marine x6  
  116  15:12  Marine x3  
  97  15:15  Marine  
  95  15:22  Marine x7  
  101  15:30  Marine x3  
  101  15:33  Marine  
  96  15:45  Marine  
  96  15:46  Marine x6  
  96  15:48  Marine, Medivac x2  
  96  15:49  Medivac  
  98  16:00  Marine  
  99  16:08  Marine x7  
  99  16:09  Marine x3  
  109  16:18  Marine, Medivac x2  
  114  16:27  Marauder  
  112  16:46  Viking  
  111  16:48  Viking x2  
  112  16:55  Orbital Command  
  87  17:16  Viking  
  87  17:17  Marine, Marauder  
  87  17:18  Viking x2  
  87  17:19  Marauder  
  92  17:31  Marine  
  92  17:32  Marine x2  
  92  17:35  Marine  
  92  17:36  Marine, Marauder  
  93  17:42  Marine  
  93  17:43  Marauder  
  83  17:46  Viking  
  83  17:51  Marine x2  
  72  17:53  Marine  
  72  17:54  Marauder  
  68  18:03  Marine  
  64  18:10  Marauder  
  66  18:16  Marine  
Tags
 
Add a new tag
Caveats
  • Supply blocks, unpowered buildings, or Contaminate may cause inaccurate times.
  • Supply counts are checked every 10 seconds.